 Dungeon Crawl Stone Soup version 0.28.0-62-gf88900778d (webtiles) character file.

Game seed: 764418844403569361

69 cbfl8 the Skirmisher (level 4, -2/55 HPs)
             Began as a Demonspawn Berserker on June 12, 2023.
             Was a Believer of Trog.
             Slain by an ogre
             ... wielding a +0 giant spiked club
              (21 damage)
             ... on level 3 of the Dungeon.
             The game lasted 00:01:45 (2689 turns).

cbfl8 the Skirmisher (Demonspawn Berserker)         Turns: 2689, Time: 00:01:45

Health: -2/55      AC:  3    Str: 17    XL:     4   Next: 2%
Magic:  4/4        EV: 12    Int: 15    God:    Trog [**....]
Gold:   149        SH:  0    Dex: 14    Spells: 3/3 levels left

rFire   . . .      SeeInvis .   h - +0 war axe
rCold   . . .      Faith    .   (no shield)
rNeg    . . .      Spirit   .   b - +0 animal skin
rPois   .          Reflect  .   (no helmet)
rElec   .          Harm     .   (no cloak)
rCorr   .          Rampage  .   j - +0 pair of gloves
Will    .....                   (no boots)
Stlth   ..........              (no amulet)
HPRegen 0.18/turn               f - +6 ring of intelligence
MPRegen 0.09/turn               (no ring)

@: berserking, very quick
A: claws 1
a: Renounce Religion, Berserk, Trog's Hand


You were on level 3 of the Dungeon.
You worshipped Trog.
Trog was pleased with you.
You visited 1 branch of the dungeon, and saw 3 of its levels.

You collected 149 gold pieces.

Inventory:

Hand Weapons
 h - a +0 war axe (weapon)
Armour
 b - a +0 animal skin (worn)
 j - a +0 pair of gloves (worn)
Jewellery
 f - a +6 ring of intelligence (left hand)
Wands
 i - a wand of acid (11)
Scrolls
 a - a scroll of magic mapping {unknown}
 d - a scroll of teleportation {unknown}
 e - a scroll of vulnerability {unknown}
 g - 4 scrolls of identify {unknown}
 k - a scroll of fear {unknown}
Potions
 c - a potion of attraction {unknown}


   Skills:
 + Level 3.7 Fighting
 + Level 3.5 Axes
 + Level 1.8 Armour
 + Level 2.3 Dodging
 + Level 0.2 Stealth


You had 3 spell levels left.
You didn't know any spells.
Your spell library was empty.

Dungeon Overview and Level Annotations

Branches:
Dungeon (3/15)

Altars:


Innate Abilities, Weirdness & Mutations

You have sharp fingernails.


Message History

You slash the quokka!
You kill the quokka!
Trog accepts your kill.
You open the door.
There is an open door here.
Found a polished rapier.
No target in view!
An ogre comes into view. It is wielding a +0 giant spiked club.
An ogre is nearby!
The ogre shouts!
An ogre is nearby!
The ogre barely misses you.
An ogre is nearby!
A red film seems to cover your vision as you go berserk!
You feel yourself moving faster!
You feel mighty!
The ogre hits you with a +0 giant spiked club!
You slash the ogre!
The ogre is heavily wounded.
You hear a shout!
A kobold comes into view. It is wielding a +0 short sword.
You slash the ogre!
The ogre is almost dead.
The ogre misses you.
You barely miss the ogre.
The ogre is almost dead.
The ogre closely misses you.
You barely miss the ogre.
The ogre is almost dead.
You barely miss the ogre.
The ogre is almost dead.
The ogre closely misses you.
You barely miss the ogre.
The ogre is almost dead.
The ogre hits you with a +0 giant spiked club!!
You barely miss the ogre.
The ogre is almost dead.
You completely miss the ogre.
The ogre is almost dead.
The ogre hits you with a +0 giant spiked club!!
You die...

.......#............#
.......#............#
......##.#.#.#.#....#
.....<##.#.#.#.#....#
....†.##.#.#.#......#
......##.#.#.###....#
####'###.###.....####
##.###...#####.# #
#...####'### #@# #
#...#......# #O# #
#.(.#......# #K. #
#...#......# #### #
##'##......# #
#.##......#
#.......### #########


You could see an ogre and a kobold.

Vanquished Creatures
  2 adders (D:2)
  2 dart slugs
  5 ball pythons
  5 endoplasms
  3 giant cockroaches
  3 goblins
  4 hobgoblins
  5 kobolds
  5 quokkas
  2 bats
  2 frilled lizards
  A rat (D:1)
39 creatures vanquished.

Vanquished Creatures (others)
  A withered plant (D:1)
1 creature vanquished.

Grand Total: 40 creatures vanquished

Notes
Turn   | Place    | Note
-------+----------+-------------------------------------------
     0 | D:1      | cbfl8 the Demonspawn Berserker began the quest for the Orb.
     0 | D:1      | Reached XP level 1. HP: 18/18 MP: 1/1
   404 | D:1      | Gained mutation: You have sharp fingernails. [demonic
                  | ancestry]
   404 | D:1      | Reached XP level 2. HP: 24/24 MP: 2/2
   410 | D:1      | Found a faded altar of an unknown god.
  1084 | D:2      | Reached ** piety under Trog
  1184 | D:2      | Reached XP level 3. HP: 28/29 MP: 3/3
  2628 | D:3      | Reached XP level 4. HP: 37/37 MP: 4/4
  2677 | D:3      | Noticed an ogre
  2689 | D:3      | Slain by an ogre

Illustrated notes

Levels and vault maps discovered:
D:1:      lightli_arrival_boilingwater, layout_rooms,
          ebering_ecumenical_altar_petrified
D:2:      layout_loops_ring, minivault_19, dk_noncrumbling_4,
          minmay_pentomino_x4
D:3:      layout_basic, hangedman_abyss_or_decor_lesser_grid,
          due_unseen_surprise

Skill      XL: |  1  2 |
---------------+-------+-----
Dodging        | 2 |  2.3
Axes           | 3 |  3.5
Fighting       | |  3.7
Armour         | |  1.8
Stealth        | |  0.2

Action                   |  1- 3 |  4- 6 || total
-------------------------+-------+-------++-------
Melee: Hand axe          |    34 |       ||    34
       War axe           |    60 |     9 ||    69
       Punch             |     3 |       ||     3
Invok: Berserk           |       |     1 ||     1
 Stab: Sleeping          |     1 |     1 ||     2
Armor: Animal skin       |    15 |       ||    15
Dodge: Dodged            |    65 |     4 ||    69
